WCHLSIM.com - West Coast Hockey League
html PUBLIC "-//W3C//DTD XHTML 1.0 Transitional//EN" "http://www.w3.org/TR/xhtml1/DTD/xhtml1-transitional.dtd"> WCHL - Game 36 - BOISE CARIBOUS vs NORTH DAKOTA HAWKS

BOISE CARIBOUS vs NORTH DAKOTA HAWKS

Created - 17 octobre 2022 at 21:46

Goals
1 2 3 T
BOISE CARIBOUS 0 1 0 1
NORTH DAKOTA HAWKS 4 2 0 6
Shots
1 2 3 T
BOISE CARIBOUS 12 10 13 35
NORTH DAKOTA HAWKS 14 10 9 33

1st period

1. NORTH DAKOTA HAWKS , Alex Killorn 1 (Jack Hughes 2) at 3:20
2. NORTH DAKOTA HAWKS , Alex Killorn 2 (Jordan Kyrou 1, Jack Hughes 3) at 4:55
3. NORTH DAKOTA HAWKS , Jason Robertson 1 (Nazem Kadri 4, Jack Hughes 4) at 6:45 (PP)
4. NORTH DAKOTA HAWKS , Nick Suzuki 1 (Jake DeBrusk 2) at 7:43

Penalties :
Dylan DeMelo (BOI) for Goalie Interference (Minor) at 6:35

2nd period

5. NORTH DAKOTA HAWKS , Alex Killorn 3 (Jordan Kyrou 2, Jack Hughes 5) at 1:36
6. BOISE CARIBOUS , Andre Burakovsky 1 (Tim Stutzle 1) at 10:11
7. NORTH DAKOTA HAWKS , Nazem Kadri 1 (Jason Robertson 4) at 13:27

Penalties :
Nick Suzuki (NDH) for Hooking (Minor) at 11:09

3rd period

No Goal

Penalties :
No Penalty

Goalie Stats

Antti Raanta (BOI), 22 saves from 24 shots - (0,917), 52:17 minutes
Ilya Sorokin (BOI), 5 saves from 9 shots - (0,556), L, 0-2-1, 7:43 minutes
Carter Hart (NDH), 34 saves from 35 shots - (0,971), W, 2-0-0, 60:00 minutes

Players Stats for BOISE CARIBOUS

Player Name              G  A  P  +/- PIM S  H  SB GA TA FO     MP     PP MP  PK MP  
------------------------------------------------------------------------------------
Andre Burakovsky         1  0  1  -1  0   4  0  1  0  0  1/1    21:02   1:11   0:00 
Artturi Lehkonen         0  0  0   0  0   7  0  1  0  0  1/2    18:23   0:00   0:00 
Charlie Coyle            0  0  0   0  0   3  1  1  0  0  14/22  19:34   1:11   0:00 
Danton Heinen            0  0  0   0  0   1  1  0  0  0  0/1    13:21   0:00   0:10 
Dmitry Kulikov           0  0  0  -3  0   0  0  0  0  0  0/0    19:45   0:00   0:00 
Dylan DeMelo             0  0  0  -2  2   0  2  0  0  0  0/0    15:17   0:00   0:00 
Jean-Gabriel Pageau      0  0  0   0  0   4  0  0  0  0  11/17  13:11   0:00   0:00 
Jesperi Kotkaniemi       0  0  0  -3  0   1  0  0  0  0  3/11    6:36   0:00   0:10 
Lawson Crouse            0  0  0   0  0   1  0  0  0  0  1/2    13:59   0:48   0:00 
Michael Raffl            0  0  0  -3  0   1  0  0  0  0  0/0     6:26   0:00   0:00 
Moritz Seider            0  0  0  -3  0   1  0  1  0  0  0/0    22:16   1:11   0:00 
Nick Schmaltz            0  0  0   0  0   5  1  0  0  0  1/2    19:34   1:11   0:00 
Oliver Kylington         0  0  0  -2  0   0  0  0  0  0  0/0    16:06   0:48   0:00 
Rasmus Andersson         0  0  0   1  0   2  1  4  0  0  0/0    22:58   0:00   0:10 
Rasmus Dahlin            0  0  0   1  0   0  2  2  0  0  0/0    22:49   1:11   0:10 
Stefan Noesen            0  0  0  -3  0   3  3  0  0  0  0/0     7:14   0:48   0:00 
Tim Stutzle              0  1  1  -1  0   2  4  0  0  0  17/32  20:39   0:48   0:00 
Zach Parise              0  0  0  -1  0   0  0  0  0  0  0/0    20:39   0:48   0:00 

Players Stats for NORTH DAKOTA HAWKS

Player Name              G  A  P  +/- PIM S  H  SB GA TA FO     MP     PP MP  PK MP  
------------------------------------------------------------------------------------
Alex Killorn             3  0  3   3  0   5  1  0  0  0  0/1    16:26   0:00   0:00 
Dillon Dube              0  0  0   0  0   1  0  0  0  0  0/2     9:15   0:00   0:50 
Erik Johnson             0  0  0   1  0   1  4  0  0  0  0/0    22:12   0:00   1:01 
Frank Vatrano            0  0  0   0  0   2  0  0  0  0  0/0     8:25   0:00   0:00 
Jack Hughes              0  4  4   3  0   2  0  0  0  0  8/19   16:36   0:10   0:00 
Jake DeBrusk             0  1  1   0  0   2  0  0  0  0  1/1    16:46   0:00   0:55 
Jason Robertson          1  1  2   1  0   3  1  0  0  0  2/2    17:19   0:10   0:00 
Jordan Kyrou             0  2  2   3  0   2  0  0  0  0  1/2    16:48   0:00   0:22 
Josh Manson              0  0  0   1  0   0  0  1  0  0  0/0    17:19   0:00   0:00 
Mathew Dumba             0  0  0   2  0   0  1  1  0  0  0/0    20:19   0:00   0:58 
Nazem Kadri              1  1  2   1  0   4  0  0  0  0  8/25   17:19   0:10   0:00 
Nic Dowd                 0  0  0   0  0   1  4  0  0  0  11/16   9:34   0:00   1:09 
Nick Holden              0  0  0   1  0   1  0  0  0  0  0/0    18:17   0:00   0:58 
Nick Suzuki              1  0  1   0  2   3  1  0  0  0  9/20   15:50   0:00   0:00 
Patrick Kane             0  0  0   1  0   3  0  0  0  0  1/1    17:19   0:10   0:00 
Quinton Hughes           0  0  0   1  0   0  1  1  0  0  0/0    21:21   0:10   0:00 
Reyley Smith             0  0  0   0  0   2  1  0  0  0  0/1    16:33   0:00   0:42 
Ryan Lindgren            0  0  0   2  0   1  2  1  0  0  0/0    20:22   0:00   1:01 

3 Stars

1 - Alex Killorn (NDH)
2 - Jack Hughes (NDH)
3 - Carter Hart (NDH)

Power Play

BOISE CARIBOUS - 0 on 1 Attempt(s) - 0,00%
NORTH DAKOTA HAWKS - 1 on 1 Attempt(s) - 100,00%

Penalty Kill

BOISE CARIBOUS - 0 on 1 Attempt(s) - 0,00% - Score 0 goal in Penalty Kill
NORTH DAKOTA HAWKS - 1 on 1 Attempt(s) - 100,00% - Score 0 goal in Penalty Kill

Team Stat

BOISE CARIBOUS - Hits : 15 - Faceoff Wins : 49 - Blocked Shots : 10 - Penalty Minutes : 2
NORTH DAKOTA HAWKS - Hits : 16 - Faceoff Wins : 41 - Blocked Shots : 4 - Penalty Minutes : 2

Official

Referees : Brandon Schrader and Reid Anderson
Linesman : Neil Campbell and Kyle Allen

Game Notes

Antti Raanta enters game at 7:43 of 1st period
Alex Killorn has scored a Hat Trick!

Finance

Level 1 -- Attendance: 6000 (100,00%) -- Ticket Income 900 000 $
Level 2 -- Attendance: 3962 (79,24%) -- Ticket Income 475 440 $
Level 3 -- Attendance: 1746 (87,30%) -- Ticket Income 157 140 $
Level 4 -- Attendance: 3524 (88,10%) -- Ticket Income 229 060 $
Luxury Box -- Attendance: 931 (93,10%) -- Ticket Income 269 990 $
Total Attendance: 16163 (89,79%)
Total Ticket Income: 2 031 630 $
Other Expense: 20 316 $
Total Income: 2 011 314 $

BOISE CARIBOUS

5 vs 5 Forward 
   Center                   Left Wing                Right Wing               Time % Phy DF OF 
 1 Tim Stutzle              Zach Parise              Andre Burakovsky         36     0   2  3  
 2 Charlie Coyle            Artturi Lehkonen         Nick Schmaltz            31     1   2  2  
 3 Jean-Gabriel Pageau      Lawson Crouse            Danton Heinen            23     1   2  2  
 4 Jesperi Kotkaniemi       Michael Raffl            Stefan Noesen            10     1   3  1  

5 vs 5 Defense 
   Defense                  Defense                                           Time % Phy DF OF 
 1 Rasmus Dahlin            Rasmus Andersson                                  37     0   3  2  
 2 Dmitry Kulikov           Moritz Seider                                     36     1   2  2  
 3 Oliver Kylington         Dylan DeMelo                                      27     0   4  1  
 4 Rasmus Andersson         Moritz Seider                                     0      1   2  2  

PowerPlay Forward 
   Center                   Left Wing                Right Wing               Time % Phy DF OF 
 1 Charlie Coyle            Andre Burakovsky         Nick Schmaltz            55     0   1  4  
 2 Tim Stutzle              Lawson Crouse            Zach Parise              45     1   1  3  

PowerPlay Defense
   Defense                  Defense                                           Time % Phy DF OF 
 1 Moritz Seider            Rasmus Dahlin                                     55     0   2  3  
 2 Oliver Kylington         Stefan Noesen                                     45     0   2  3  

Penalty Kill 4 Players Forward 
   Center                   Wing                     Time % Phy DF OF 
 1 Jesperi Kotkaniemi       Danton Heinen            55     1   3  1  
 2 Jean-Gabriel Pageau      Artturi Lehkonen         45     1   4  0  

Penalty Kill 4 Players Defense
   Defense                  Defense                  Time % Phy DF OF 
 1 Rasmus Andersson         Dylan DeMelo             55     1   2  2  
 2 Oliver Kylington         Dmitry Kulikov           45     1   2  2  

Penalty Kill - 3 Players Forward 
   Forward                                           Time % Phy DF OF 
 1 Jean-Gabriel Pageau                               55     1   3  1  
 2 Jesperi Kotkaniemi                                45     1   3  1  

Penalty Kill - 3 Players Defense
   Defense                  Defense                  Time % Phy DF OF 
 1 Rasmus Andersson         Moritz Seider            55     1   2  2  
 2 Rasmus Dahlin            Dylan DeMelo             45     1   2  2  

4 vs 4 Forward 
   Center                   Wing                     Time % Phy DF OF 
 1 Jean-Gabriel Pageau      Andre Burakovsky         55     1   2  2  
 2 Jesperi Kotkaniemi       Nick Schmaltz            45     1   2  2  

4 vs 4 Defense
   Defense                  Defense                  Time % Phy DF OF 
 1 Oliver Kylington         Rasmus Andersson         55     1   2  2  
 2 Rasmus Dahlin            Moritz Seider            45     1   2  2  

Last Minutes Offensive
   Center                   Left Wing                Right Wing               Defense                  Defense                  
   Charlie Coyle            Andre Burakovsky         Nick Schmaltz            Rasmus Dahlin            Moritz Seider            

Last Minutes Defensive
   Center                   Left Wing                Right Wing               Defense                  Defense                  
   Jean-Gabriel Pageau      Jesperi Kotkaniemi       Andre Burakovsky         Rasmus Andersson         Moritz Seider            

Goaltenders
Starting : Ilya Sorokin             
Backup : Antti Raanta             

Extra Forwards
Normal : Andre Burakovsky, Jean-Gabriel Pageau, Tim Stutzle - PP : Lawson Crouse, Jean-Gabriel Pageau - PK : Charlie Coyle
Extra Defensemen
Normal : Oliver Kylington, Dylan DeMelo, Moritz Seider - PP : Oliver Kylington - PK : Dmitry Kulikov, Rasmus Dahlin
Penalty Shots
Jesperi Kotkaniemi, Andre Burakovsky, Nick Schmaltz, Tim Stutzle, Charlie Coyle
Custom OT Lines Forwards
Charlie Coyle, Andre Burakovsky, Nick Schmaltz, Michael Raffl, Jean-Gabriel Pageau, Zach Parise, Tim Stutzle, Artturi Lehkonen, Lawson Crouse, Jesperi Kotkaniemi
Custom OT Lines Defensemen
Rasmus Andersson, Moritz Seider, Rasmus Dahlin, Dmitry Kulikov, Oliver Kylington

Scratches
Matt Duchene (Torn Left Knee Ligaments Injury)

NORTH DAKOTA HAWKS

5 vs 5 Forward 
   Center                   Left Wing                Right Wing               Time % Phy DF OF 
 1 Nazem Kadri              Jason Robertson          Patrick Kane             30     0   0  5  
 2 Jack Hughes              Alex Killorn             Jordan Kyrou             29     0   0  5  
 3 Nick Suzuki              Jake DeBrusk             Reyley Smith             28     0   1  4  
 4 Nic Dowd                 Dillon Dube              Frank Vatrano            13     0   3  2  

5 vs 5 Defense 
   Defense                  Defense                                           Time % Phy DF OF 
 1 Quinton Hughes           Erik Johnson                                      37     0   2  3  
 2 Ryan Lindgren            Mathew Dumba                                      33     0   2  3  
 3 Nick Holden              Josh Manson                                       20     0   3  2  
 4 Nick Holden              Josh Manson                                       10     0   3  2  

PowerPlay Forward 
   Center                   Left Wing                Right Wing               Time % Phy DF OF 
 1 Nazem Kadri              Jason Robertson          Patrick Kane             55     0   0  5  
 2 Nick Suzuki              Alex Killorn             Reyley Smith             45     0   0  5  

PowerPlay Defense
   Defense                  Defense                                           Time % Phy DF OF 
 1 Jack Hughes              Quinton Hughes                                    55     0   0  5  
 2 Mathew Dumba             Jordan Kyrou                                      45     0   0  5  

Penalty Kill 4 Players Forward 
   Center                   Wing                     Time % Phy DF OF 
 1 Nic Dowd                 Jake DeBrusk             70     0   4  1  
 2 Nazem Kadri              Dillon Dube              30     0   4  1  

Penalty Kill 4 Players Defense
   Defense                  Defense                  Time % Phy DF OF 
 1 Ryan Lindgren            Erik Johnson             70     0   5  0  
 2 Nick Holden              Mathew Dumba             30     0   5  0  

Penalty Kill - 3 Players Forward 
   Forward                                           Time % Phy DF OF 
 1 Nic Dowd                                          70     0   5  0  
 2 Nazem Kadri                                       30     0   5  0  

Penalty Kill - 3 Players Defense
   Defense                  Defense                  Time % Phy DF OF 
 1 Ryan Lindgren            Erik Johnson             70     0   5  0  
 2 Nick Holden              Mathew Dumba             30     0   5  0  

4 vs 4 Forward 
   Center                   Wing                     Time % Phy DF OF 
 1 Nazem Kadri              Patrick Kane             55     0   0  5  
 2 Nick Suzuki              Jason Robertson          45     0   0  5  

4 vs 4 Defense
   Defense                  Defense                  Time % Phy DF OF 
 1 Quinton Hughes           Erik Johnson             55     0   1  4  
 2 Ryan Lindgren            Mathew Dumba             45     0   1  4  

Last Minutes Offensive
   Center                   Left Wing                Right Wing               Defense                  Defense                  
   Nazem Kadri              Jason Robertson          Patrick Kane             Quinton Hughes           Jack Hughes              

Last Minutes Defensive
   Center                   Left Wing                Right Wing               Defense                  Defense                  
   Nazem Kadri              Jason Robertson          Reyley Smith             Ryan Lindgren            Erik Johnson             

Goaltenders
Starting : Carter Hart              
Backup : Pavel Francouz           

Extra Forwards
Normal : Dillon Dube, Frank Vatrano, Jake DeBrusk - PP : Jake DeBrusk, Frank Vatrano - PK : Reyley Smith
Extra Defensemen
Normal : Ryan Lindgren, Josh Manson, Erik Johnson - PP : Erik Johnson - PK : Josh Manson, Quinton Hughes
Penalty Shots
Nazem Kadri, Jack Hughes, Jason Robertson, Patrick Kane, Jordan Kyrou
Custom OT Lines Forwards
Nazem Kadri, Patrick Kane, Jason Robertson, Jack Hughes, Jordan Kyrou, Nick Suzuki, Alex Killorn, Reyley Smith, Jake DeBrusk, Frank Vatrano
Custom OT Lines Defensemen
Quinton Hughes, Mathew Dumba, Erik Johnson, Nick Holden, Ryan Lindgren

Scratches
Connor Clifton (Healthy), Marc Staal (Healthy), Colin Blackwell (Healthy)

% Time on Ice - BOISE CARIBOUS

Lines # - Real PCT - Wanted PCT - Time Play
Normal Forward
1 - 34% - 36% - 19:51
2 - 32% - 31% - 18:23
3 - 23% - 23% - 13:11
4 - 11% - 10% - 6:26
Normal Defense
1 - 37% - 37% - 21:28
2 - 34% - 36% - 19:45
3 - 26% - 27% - 15:18
4 - 2% - 0% - 1:20
PP Forward
1 - 60% - 55% - 1:11
2 - 40% - 45% - 0:48
PP Defense
1 - 60% - 55% - 1:11
2 - 40% - 45% - 0:48
PK Forward
1 - 100% - 55% - 0:10
2 - 0% - 45% - 0:00
PK Defense
1 - 100% - 55% - 0:10
2 - 0% - 45% - 0:00
PK3 Forward
1 - 0% - 55%
2 - 0% - 45%
PK3 Defense
1 - 0% - 55%
2 - 0% - 45%
44 Forward
1 - 0% - 55%
2 - 0% - 45%
44 Defense
1 - 0% - 55%
2 - 0% - 45%
Last Minute Offensive  - 0:00
Last Minute Defensive  - 0:00
Total
Forward - 60:00
Defense - 60:00

% Time on Ice - NORTH DAKOTA HAWKS

Lines # - Real PCT - Wanted PCT - Time Play
Normal Forward
1 - 30% - 30% - 17:09
2 - 28% - 29% - 16:26
3 - 27% - 28% - 15:51
4 - 15% - 13% - 8:25
Normal Defense
1 - 37% - 37% - 21:11
2 - 33% - 33% - 19:21
3 - 20% - 20% - 11:36
4 - 10% - 10% - 5:43
PP Forward
1 - 100% - 55% - 0:10
2 - 0% - 45% - 0:00
PP Defense
1 - 100% - 55% - 0:10
2 - 0% - 45% - 0:00
PK Forward
1 - 100% - 70% - 1:59
2 - 0% - 30% - 0:00
PK Defense
1 - 51% - 70% - 1:01
2 - 49% - 30% - 0:58
PK3 Forward
1 - 0% - 70%
2 - 0% - 30%
PK3 Defense
1 - 0% - 70%
2 - 0% - 30%
44 Forward
1 - 0% - 55%
2 - 0% - 45%
44 Defense
1 - 0% - 55%
2 - 0% - 45%
Last Minute Offensive  - 0:00
Last Minute Defensive  - 0:00
Total
Forward - 60:00
Defense - 60:00

Play-by-Play

1st period


0:01 of 1st period - Nazem Kadri wins face-off versus Tim Stutzle in neutral zone.
0:08 of 1st period - Shot by Patrick Kane.
0:08 of 1st period - Stopped by Ilya Sorokin with a rebound.
0:57 of 1st period - Off-side.
0:58 of 1st period - Charlie Coyle wins face-off versus Nick Suzuki in neutral zone.
1:01 of 1st period - Shot by Artturi Lehkonen.
1:01 of 1st period - Stopped by Carter Hart without a rebound.
1:02 of 1st period - Charlie Coyle wins face-off versus Nick Suzuki in NORTH DAKOTA HAWKS zone.
1:50 of 1st period - Off-side.
1:51 of 1st period - Jack Hughes wins face-off versus Lawson Crouse in neutral zone.
2:01 of 1st period - Jordan Kyrou is hit by Dylan DeMelo and loses puck.
2:09 of 1st period - Alex Killorn is hit by Dylan DeMelo and loses puck.
2:13 of 1st period - Icing by Dylan DeMelo.
2:14 of 1st period - Jean-Gabriel Pageau wins face-off versus Nic Dowd in BOISE CARIBOUS zone.
2:14 of 1st period - Jean-Gabriel Pageau is hit by Nic Dowd.
2:48 of 1st period - Off-side.
2:49 of 1st period - Jesperi Kotkaniemi wins face-off versus Jack Hughes in neutral zone.
3:20 of 1st period - Shot by Alex Killorn.
3:20 of 1st period - Goal by Alex Killorn - BOISE CARIBOUS : 0 - NORTH DAKOTA HAWKS : 1.
3:21 of 1st period - Jason Robertson wins face-off versus Tim Stutzle in neutral zone.
3:31 of 1st period - Shot by Nazem Kadri.
3:31 of 1st period - Stopped by Ilya Sorokin without a rebound.
3:32 of 1st period - Charlie Coyle wins face-off versus Reyley Smith in BOISE CARIBOUS zone.
4:20 of 1st period - Off-side.
4:21 of 1st period - Nazem Kadri wins face-off versus Tim Stutzle in neutral zone.
4:36 of 1st period - Off-side.
4:37 of 1st period - Jean-Gabriel Pageau wins face-off versus Jack Hughes in neutral zone.
4:39 of 1st period - Danton Heinen is hit by Alex Killorn and loses puck.
4:45 of 1st period - Off-side.
4:46 of 1st period - Jack Hughes wins face-off versus Tim Stutzle in neutral zone.
4:55 of 1st period - Shot by Alex Killorn.
4:55 of 1st period - Goal by Alex Killorn - BOISE CARIBOUS : 0 - NORTH DAKOTA HAWKS : 2.
4:56 of 1st period - Jean-Gabriel Pageau wins face-off versus Nazem Kadri in neutral zone.
5:23 of 1st period - Shot by Jason Robertson.
5:23 of 1st period - Stopped by Ilya Sorokin without a rebound.
5:24 of 1st period - Tim Stutzle wins face-off versus Jack Hughes in BOISE CARIBOUS zone.
6:02 of 1st period - Shot by Jordan Kyrou.
6:02 of 1st period - Shot Misses the Net.
6:34 of 1st period - Shot by Frank Vatrano.
6:34 of 1st period - Stopped by Ilya Sorokin without a rebound.
6:35 of 1st period - Nazem Kadri wins face-off versus Jesperi Kotkaniemi in BOISE CARIBOUS zone.
6:35 of 1st period - Minor Penalty to Dylan DeMelo for Goalie Interference.
6:36 of 1st period - Nazem Kadri wins face-off versus Jesperi Kotkaniemi in BOISE CARIBOUS zone.
6:41 of 1st period - Shot by Nazem Kadri.
6:41 of 1st period - Shot Misses the Net.
6:43 of 1st period - Shot by Nazem Kadri.
6:43 of 1st period - Shot Blocked by Rasmus Andersson.
6:45 of 1st period - Shot by Jason Robertson.
6:45 of 1st period - Goal by Jason Robertson - BOISE CARIBOUS : 0 - NORTH DAKOTA HAWKS : 3.
6:46 of 1st period - Charlie Coyle wins face-off versus Nazem Kadri in neutral zone.
7:23 of 1st period - Shot by Artturi Lehkonen.
7:23 of 1st period - Stopped by Carter Hart without a rebound.
7:24 of 1st period - Nick Suzuki wins face-off versus Jesperi Kotkaniemi in NORTH DAKOTA HAWKS zone.
7:39 of 1st period - Shot by Jake DeBrusk.
7:39 of 1st period - Stopped by Ilya Sorokin with a rebound.
7:41 of 1st period - Shot by Jake DeBrusk.
7:41 of 1st period - Shot Misses the Net.
7:43 of 1st period - Shot by Nick Suzuki.
7:43 of 1st period - Goal by Nick Suzuki - BOISE CARIBOUS : 0 - NORTH DAKOTA HAWKS : 4.
7:43 of 1st period - Antti Raanta enters game.
7:44 of 1st period - Nic Dowd wins face-off versus Tim Stutzle in neutral zone.
8:13 of 1st period - Icing by Frank Vatrano.
8:14 of 1st period - Jean-Gabriel Pageau wins face-off versus Nic Dowd in NORTH DAKOTA HAWKS zone.
8:26 of 1st period - Icing by Nic Dowd.
8:27 of 1st period - Nic Dowd wins face-off versus Artturi Lehkonen in NORTH DAKOTA HAWKS zone.
8:34 of 1st period - Shot by Nick Schmaltz.
8:34 of 1st period - Stopped by Carter Hart with a rebound.
8:42 of 1st period - Shot by Artturi Lehkonen.
8:42 of 1st period - Stopped by Carter Hart without a rebound.
8:43 of 1st period - Nick Suzuki wins face-off versus Jean-Gabriel Pageau in NORTH DAKOTA HAWKS zone.
9:25 of 1st period - Shot by Jean-Gabriel Pageau.
9:25 of 1st period - Stopped by Carter Hart without a rebound.
9:26 of 1st period - Tim Stutzle wins face-off versus Nazem Kadri in NORTH DAKOTA HAWKS zone.
9:26 of 1st period - Tim Stutzle is hit by Erik Johnson.
9:52 of 1st period - Shot by Andre Burakovsky.
9:52 of 1st period - Shot Blocked by Quinton Hughes.
10:36 of 1st period - Shot by Artturi Lehkonen.
10:36 of 1st period - Stopped by Carter Hart without a rebound.
10:37 of 1st period - Nick Suzuki wins face-off versus Jesperi Kotkaniemi in NORTH DAKOTA HAWKS zone.
10:37 of 1st period - Nick Suzuki is hit by Stefan Noesen.
10:48 of 1st period - Nick Suzuki is hit by Stefan Noesen and loses puck.
11:03 of 1st period - Shot by Jake DeBrusk.
11:03 of 1st period - Shot Blocked by Rasmus Dahlin.
11:21 of 1st period - Shot by Reyley Smith.
11:21 of 1st period - Shot Blocked by Rasmus Dahlin.
11:36 of 1st period - Icing by Ryan Lindgren.
11:37 of 1st period - Charlie Coyle wins face-off versus Jack Hughes in NORTH DAKOTA HAWKS zone.
11:52 of 1st period - Shot by Charlie Coyle.
11:52 of 1st period - Shot Misses the Net.
12:08 of 1st period - Shot by Alex Killorn.
12:08 of 1st period - Shot Blocked by Artturi Lehkonen.
12:23 of 1st period - Shot by Alex Killorn.
12:23 of 1st period - Stopped by Antti Raanta without a rebound.
12:24 of 1st period - Tim Stutzle wins face-off versus Nazem Kadri in BOISE CARIBOUS zone.
12:33 of 1st period - Shot by Zach Parise.
12:33 of 1st period - Shot Misses the Net.
12:43 of 1st period - Shot by Patrick Kane.
12:43 of 1st period - Shot Misses the Net.
13:41 of 1st period - Shot by Nick Suzuki.
13:41 of 1st period - Stopped by Antti Raanta with a rebound.
13:54 of 1st period - Shot by Jake DeBrusk.
13:54 of 1st period - Stopped by Antti Raanta without a rebound.
13:55 of 1st period - Lawson Crouse wins face-off versus Jack Hughes in BOISE CARIBOUS zone.
14:00 of 1st period - Shot by Jean-Gabriel Pageau.
14:00 of 1st period - Stopped by Carter Hart with a rebound.
14:30 of 1st period - Jean-Gabriel Pageau is hit by Mathew Dumba.
14:36 of 1st period - Shot by Jean-Gabriel Pageau.
14:36 of 1st period - Stopped by Carter Hart with a rebound.
15:42 of 1st period - Shot by Artturi Lehkonen.
15:42 of 1st period - Shot Misses the Net.
15:44 of 1st period - Shot by Rasmus Andersson.
15:44 of 1st period - Shot Misses the Net.
16:08 of 1st period - Shot by Michael Raffl.
16:08 of 1st period - Stopped by Carter Hart with a rebound.
16:36 of 1st period - Off-side.
16:37 of 1st period - Tim Stutzle wins face-off versus Nick Suzuki in neutral zone.
16:42 of 1st period - Shot by Andre Burakovsky.
16:42 of 1st period - Shot Misses the Net.
17:04 of 1st period - Shot by Nick Suzuki.
17:04 of 1st period - Shot Misses the Net.
17:14 of 1st period - Shot by Reyley Smith.
17:14 of 1st period - Stopped by Antti Raanta without a rebound.
17:15 of 1st period - Charlie Coyle wins face-off versus Dillon Dube in BOISE CARIBOUS zone.
18:02 of 1st period - Icing by Mathew Dumba.
18:03 of 1st period - Jean-Gabriel Pageau wins face-off versus Nic Dowd in NORTH DAKOTA HAWKS zone.
18:04 of 1st period - Shot by Lawson Crouse.
18:04 of 1st period - Stopped by Carter Hart without a rebound.
18:05 of 1st period - Jean-Gabriel Pageau wins face-off versus Alex Killorn in NORTH DAKOTA HAWKS zone.
18:10 of 1st period - Shot by Danton Heinen.
18:10 of 1st period - Stopped by Carter Hart without a rebound.
18:11 of 1st period - Jack Hughes wins face-off versus Jean-Gabriel Pageau in NORTH DAKOTA HAWKS zone.
18:15 of 1st period - Jack Hughes is hit by Rasmus Andersson and loses puck.
18:24 of 1st period - Icing by Erik Johnson.
18:25 of 1st period - Jack Hughes wins face-off versus Tim Stutzle in NORTH DAKOTA HAWKS zone.
18:25 of 1st period - Jack Hughes is hit by Tim Stutzle.
18:35 of 1st period - Shot by Jordan Kyrou.
18:35 of 1st period - Stopped by Antti Raanta without a rebound.
18:36 of 1st period - Nick Suzuki wins face-off versus Danton Heinen in BOISE CARIBOUS zone.
18:40 of 1st period - Nick Suzuki is hit by Rasmus Dahlin and loses puck.
19:12 of 1st period - Shot by Jean-Gabriel Pageau.
19:12 of 1st period - Stopped by Carter Hart without a rebound.
19:13 of 1st period - Tim Stutzle wins face-off versus Jack Hughes in NORTH DAKOTA HAWKS zone.
19:59 of 1st period - Erik Johnson is hit by Tim Stutzle and loses puck.
Goals for this period are 0 for BOISE CARIBOUS vs 4 for NORTH DAKOTA HAWKS.
Shots for this period are 12 for BOISE CARIBOUS vs 14 for NORTH DAKOTA HAWKS.

2nd period


0:01 of 2nd period - Charlie Coyle wins face-off versus Nick Suzuki in neutral zone.
0:01 of 2nd period - Nick Schmaltz is hit by Reyley Smith and loses puck.
0:15 of 2nd period - Shot by Rasmus Andersson.
0:15 of 2nd period - Stopped by Carter Hart without a rebound.
0:16 of 2nd period - Nic Dowd wins face-off versus Tim Stutzle in NORTH DAKOTA HAWKS zone.
0:24 of 2nd period - Off-side.
0:25 of 2nd period - Nazem Kadri wins face-off versus Charlie Coyle in neutral zone.
1:20 of 2nd period - Off-side.
1:21 of 2nd period - Jack Hughes wins face-off versus Tim Stutzle in neutral zone.
1:36 of 2nd period - Shot by Alex Killorn.
1:36 of 2nd period - Goal by Alex Killorn - BOISE CARIBOUS : 0 - NORTH DAKOTA HAWKS : 5.
1:37 of 2nd period - Jake DeBrusk wins face-off versus Jean-Gabriel Pageau in neutral zone.
1:42 of 2nd period - Jean-Gabriel Pageau is hit by Nick Suzuki.
2:42 of 2nd period - Shot by Alex Killorn.
2:42 of 2nd period - Shot Misses the Net.
2:56 of 2nd period - Shot by Alex Killorn.
2:56 of 2nd period - Shot Blocked by Moritz Seider.
3:33 of 2nd period - Icing by Erik Johnson.
3:34 of 2nd period - Tim Stutzle wins face-off versus Nic Dowd in NORTH DAKOTA HAWKS zone.
3:48 of 2nd period - Icing by Dylan DeMelo.
3:49 of 2nd period - Tim Stutzle wins face-off versus Nazem Kadri in BOISE CARIBOUS zone.
4:00 of 2nd period - Shot by Tim Stutzle.
4:00 of 2nd period - Stopped by Carter Hart with a rebound.
4:30 of 2nd period - Shot by Jason Robertson.
4:30 of 2nd period - Stopped by Antti Raanta without a rebound.
4:31 of 2nd period - Charlie Coyle wins face-off versus Nick Suzuki in BOISE CARIBOUS zone.
4:54 of 2nd period - Shot by Reyley Smith.
4:54 of 2nd period - Shot Misses the Net.
5:40 of 2nd period - Shot by Jordan Kyrou.
5:40 of 2nd period - Shot Blocked by Rasmus Andersson.
5:42 of 2nd period - Shot by Jack Hughes.
5:42 of 2nd period - Deflect By Alex Killorn.
5:42 of 2nd period - Stopped by Antti Raanta with a rebound.
5:44 of 2nd period - Shot by Ryan Lindgren.
5:44 of 2nd period - Stopped by Antti Raanta without a rebound.
5:45 of 2nd period - Andre Burakovsky wins face-off versus Nazem Kadri in BOISE CARIBOUS zone.
5:47 of 2nd period - Icing by Tim Stutzle.
5:48 of 2nd period - Nic Dowd wins face-off versus Tim Stutzle in BOISE CARIBOUS zone.
6:01 of 2nd period - Icing by Oliver Kylington.
6:02 of 2nd period - Tim Stutzle wins face-off versus Nazem Kadri in BOISE CARIBOUS zone.
6:04 of 2nd period - Icing by Andre Burakovsky.
6:05 of 2nd period - Patrick Kane wins face-off versus Tim Stutzle in BOISE CARIBOUS zone.
6:12 of 2nd period - Quinton Hughes is hit by Tim Stutzle and loses puck.
6:23 of 2nd period - Shot by Andre Burakovsky.
6:23 of 2nd period - Stopped by Carter Hart without a rebound.
6:24 of 2nd period - Jack Hughes wins face-off versus Jesperi Kotkaniemi in NORTH DAKOTA HAWKS zone.
6:28 of 2nd period - Off-side.
6:29 of 2nd period - Tim Stutzle wins face-off versus Jack Hughes in neutral zone.
6:38 of 2nd period - Shot by Jack Hughes.
6:38 of 2nd period - Deflect By Alex Killorn.
6:38 of 2nd period - Shot Misses the Net.
7:42 of 2nd period - Shot by Patrick Kane.
7:42 of 2nd period - Stopped by Antti Raanta without a rebound.
7:43 of 2nd period - Nick Suzuki wins face-off versus Charlie Coyle in BOISE CARIBOUS zone.
8:04 of 2nd period - Shot by Nick Schmaltz.
8:04 of 2nd period - Shot Misses the Net.
8:06 of 2nd period - Shot by Rasmus Andersson.
8:06 of 2nd period - Stopped by Carter Hart without a rebound.
8:07 of 2nd period - Jesperi Kotkaniemi wins face-off versus Nazem Kadri in NORTH DAKOTA HAWKS zone.
8:22 of 2nd period - Off-side.
8:23 of 2nd period - Nic Dowd wins face-off versus Charlie Coyle in neutral zone.
8:45 of 2nd period - Nick Schmaltz is hit by Ryan Lindgren and loses puck.
8:52 of 2nd period - Shot by Nick Schmaltz.
8:52 of 2nd period - Shot Misses the Net.
8:54 of 2nd period - Shot by Rasmus Dahlin.
8:54 of 2nd period - Shot Blocked by Mathew Dumba.
8:56 of 2nd period - Shot by Nick Schmaltz.
8:56 of 2nd period - Stopped by Carter Hart with a rebound.
8:58 of 2nd period - Shot by Artturi Lehkonen.
8:58 of 2nd period - Stopped by Carter Hart without a rebound.
8:59 of 2nd period - Jean-Gabriel Pageau wins face-off versus Nazem Kadri in NORTH DAKOTA HAWKS zone.
9:17 of 2nd period - Shot by Danton Heinen.
9:17 of 2nd period - Shot Misses the Net.
9:39 of 2nd period - Quinton Hughes is hit by Danton Heinen and loses puck.
10:04 of 2nd period - Nick Suzuki is hit by Tim Stutzle and loses puck.
10:11 of 2nd period - Shot by Andre Burakovsky.
10:11 of 2nd period - Goal by Andre Burakovsky - BOISE CARIBOUS : 1 - NORTH DAKOTA HAWKS : 5.
10:12 of 2nd period - Jack Hughes wins face-off versus Charlie Coyle in neutral zone.
10:12 of 2nd period - Jack Hughes is hit by Charlie Coyle.
10:40 of 2nd period - Shot by Jack Hughes.
10:40 of 2nd period - Stopped by Antti Raanta without a rebound.
10:41 of 2nd period - Nick Suzuki wins face-off versus Jesperi Kotkaniemi in BOISE CARIBOUS zone.
11:09 of 2nd period - Minor Penalty to Nick Suzuki for Hooking.
11:10 of 2nd period - Nic Dowd wins face-off versus Charlie Coyle in NORTH DAKOTA HAWKS zone.
13:10 of 2nd period - Shot by Andre Burakovsky.
13:10 of 2nd period - Deflect By Jean-Gabriel Pageau.
13:10 of 2nd period - Shot Blocked by Josh Manson.
13:12 of 2nd period - Shot by Moritz Seider.
13:12 of 2nd period - Stopped by Carter Hart without a rebound.
13:13 of 2nd period - Jean-Gabriel Pageau wins face-off versus Nazem Kadri in NORTH DAKOTA HAWKS zone.
13:14 of 2nd period - Shot by Danton Heinen.
13:14 of 2nd period - Shot Misses the Net.
13:19 of 2nd period - Icing by Nazem Kadri.
13:20 of 2nd period - Nazem Kadri wins face-off versus Jesperi Kotkaniemi in NORTH DAKOTA HAWKS zone.
13:27 of 2nd period - Shot by Jason Robertson.
13:27 of 2nd period - Deflect By Nazem Kadri.
13:27 of 2nd period - Goal by Nazem Kadri - BOISE CARIBOUS : 1 - NORTH DAKOTA HAWKS : 6.
13:28 of 2nd period - Artturi Lehkonen wins face-off versus Jordan Kyrou in neutral zone.
14:03 of 2nd period - Shot by Jack Hughes.
14:03 of 2nd period - Stopped by Antti Raanta without a rebound.
14:04 of 2nd period - Tim Stutzle wins face-off versus Nick Suzuki in BOISE CARIBOUS zone.
14:16 of 2nd period - Shot by Reyley Smith.
14:16 of 2nd period - Stopped by Antti Raanta without a rebound.
14:17 of 2nd period - Jean-Gabriel Pageau wins face-off versus Nazem Kadri in BOISE CARIBOUS zone.
15:07 of 2nd period - Icing by Erik Johnson.
15:08 of 2nd period - Tim Stutzle wins face-off versus Nazem Kadri in NORTH DAKOTA HAWKS zone.
15:09 of 2nd period - Shot by Andre Burakovsky.
15:09 of 2nd period - Stopped by Carter Hart without a rebound.
15:10 of 2nd period - Nick Suzuki wins face-off versus Tim Stutzle in NORTH DAKOTA HAWKS zone.
16:03 of 2nd period - Icing by Ryan Lindgren.
16:04 of 2nd period - Nick Suzuki wins face-off versus Nick Schmaltz in NORTH DAKOTA HAWKS zone.
16:50 of 2nd period - Shot by Artturi Lehkonen.
16:50 of 2nd period - Stopped by Carter Hart without a rebound.
16:51 of 2nd period - Jean-Gabriel Pageau wins face-off versus Jack Hughes in NORTH DAKOTA HAWKS zone.
18:17 of 2nd period - Shot by Nic Dowd.
18:17 of 2nd period - Deflect By Frank Vatrano.
18:17 of 2nd period - Shot Blocked by Rasmus Andersson.
18:30 of 2nd period - Icing by Erik Johnson.
18:31 of 2nd period - Nic Dowd wins face-off versus Charlie Coyle in NORTH DAKOTA HAWKS zone.
18:31 of 2nd period - Nic Dowd is hit by Nick Schmaltz.
19:20 of 2nd period - Shot by Patrick Kane.
19:20 of 2nd period - Stopped by Antti Raanta without a rebound.
19:21 of 2nd period - Tim Stutzle wins face-off versus Nick Suzuki in BOISE CARIBOUS zone.
Goals for this period are 1 for BOISE CARIBOUS vs 2 for NORTH DAKOTA HAWKS.
Shots for this period are 10 for BOISE CARIBOUS vs 10 for NORTH DAKOTA HAWKS.

3rd period


0:01 of 3rd period - Tim Stutzle wins face-off versus Nazem Kadri in neutral zone.
0:35 of 3rd period - Rasmus Dahlin is hit by Jason Robertson and loses puck.
1:12 of 3rd period - Shot by Charlie Coyle.
1:12 of 3rd period - Stopped by Carter Hart with a rebound.
2:00 of 3rd period - Shot by Jesperi Kotkaniemi.
2:00 of 3rd period - Shot Blocked by Ryan Lindgren.
2:02 of 3rd period - Shot by Stefan Noesen.
2:02 of 3rd period - Stopped by Carter Hart without a rebound.
2:03 of 3rd period - Nick Suzuki wins face-off versus Jean-Gabriel Pageau in NORTH DAKOTA HAWKS zone.
3:32 of 3rd period - Shot by Nazem Kadri.
3:32 of 3rd period - Shot Misses the Net.
3:39 of 3rd period - Icing by Dylan DeMelo.
3:40 of 3rd period - Nic Dowd wins face-off versus Jean-Gabriel Pageau in BOISE CARIBOUS zone.
3:47 of 3rd period - Shot by Nic Dowd.
3:47 of 3rd period - Stopped by Antti Raanta without a rebound.
3:48 of 3rd period - Tim Stutzle wins face-off versus Jack Hughes in BOISE CARIBOUS zone.
4:01 of 3rd period - Icing by Ryan Lindgren.
4:02 of 3rd period - Charlie Coyle wins face-off versus Jack Hughes in NORTH DAKOTA HAWKS zone.
4:03 of 3rd period - Shot by Nick Schmaltz.
4:03 of 3rd period - Deflect By Charlie Coyle.
4:03 of 3rd period - Stopped by Carter Hart without a rebound.
4:04 of 3rd period - Tim Stutzle wins face-off versus Nazem Kadri in NORTH DAKOTA HAWKS zone.
4:06 of 3rd period - Zach Parise is hit by Erik Johnson and loses puck.
4:43 of 3rd period - Shot by Jason Robertson.
4:43 of 3rd period - Shot Misses the Net.
4:58 of 3rd period - Icing by Erik Johnson.
4:59 of 3rd period - Charlie Coyle wins face-off versus Nazem Kadri in NORTH DAKOTA HAWKS zone.
5:20 of 3rd period - Shot by Nick Schmaltz.
5:20 of 3rd period - Stopped by Carter Hart without a rebound.
5:21 of 3rd period - Jesperi Kotkaniemi wins face-off versus Jack Hughes in NORTH DAKOTA HAWKS zone.
5:58 of 3rd period - Shot by Stefan Noesen.
5:58 of 3rd period - Stopped by Carter Hart with a rebound.
6:12 of 3rd period - Shot by Nick Schmaltz.
6:12 of 3rd period - Stopped by Carter Hart without a rebound.
6:13 of 3rd period - Tim Stutzle wins face-off versus Nick Suzuki in NORTH DAKOTA HAWKS zone.
6:29 of 3rd period - Tim Stutzle is hit by Ryan Lindgren and loses puck.
6:36 of 3rd period - Shot by Andre Burakovsky.
6:36 of 3rd period - Stopped by Carter Hart without a rebound.
6:37 of 3rd period - Charlie Coyle wins face-off versus Nic Dowd in NORTH DAKOTA HAWKS zone.
6:37 of 3rd period - Artturi Lehkonen is hit by Quinton Hughes and loses puck.
6:42 of 3rd period - Shot by Artturi Lehkonen.
6:42 of 3rd period - Stopped by Carter Hart with a rebound.
6:44 of 3rd period - Shot by Charlie Coyle.
6:44 of 3rd period - Stopped by Carter Hart without a rebound.
6:45 of 3rd period - Nic Dowd wins face-off versus Charlie Coyle in NORTH DAKOTA HAWKS zone.
7:54 of 3rd period - Shot by Reyley Smith.
7:54 of 3rd period - Deflect By Nick Suzuki.
7:54 of 3rd period - Shot Misses the Net.
7:56 of 3rd period - Shot by Erik Johnson.
7:56 of 3rd period - Stopped by Antti Raanta without a rebound.
7:57 of 3rd period - Jordan Kyrou wins face-off versus Tim Stutzle in BOISE CARIBOUS zone.
9:35 of 3rd period - Off-side.
9:36 of 3rd period - Jean-Gabriel Pageau wins face-off versus Nick Suzuki in neutral zone.
9:46 of 3rd period - Shot by Nick Suzuki.
9:46 of 3rd period - Deflect By Jake DeBrusk.
9:46 of 3rd period - Shot Misses the Net.
9:48 of 3rd period - Shot by Reyley Smith.
9:48 of 3rd period - Shot Blocked by Rasmus Andersson.
10:06 of 3rd period - Shot by Nick Suzuki.
10:06 of 3rd period - Shot Misses the Net.
10:08 of 3rd period - Shot by Jake DeBrusk.
10:08 of 3rd period - Shot Misses the Net.
10:10 of 3rd period - Shot by Jake DeBrusk.
10:10 of 3rd period - Shot Misses the Net.
10:12 of 3rd period - Shot by Reyley Smith.
10:12 of 3rd period - Deflect By Nick Suzuki.
10:12 of 3rd period - Stopped by Antti Raanta without a rebound.
10:13 of 3rd period - Jason Robertson wins face-off versus Tim Stutzle in BOISE CARIBOUS zone.
10:18 of 3rd period - Shot by Nazem Kadri.
10:18 of 3rd period - Stopped by Antti Raanta without a rebound.
10:19 of 3rd period - Nazem Kadri wins face-off versus Tim Stutzle in BOISE CARIBOUS zone.
10:49 of 3rd period - Dmitry Kulikov is hit by Erik Johnson and loses puck.
11:13 of 3rd period - Icing by Moritz Seider.
11:14 of 3rd period - Tim Stutzle wins face-off versus Nick Suzuki in BOISE CARIBOUS zone.
11:41 of 3rd period - Icing by Ryan Lindgren.
11:42 of 3rd period - Charlie Coyle wins face-off versus Nick Suzuki in NORTH DAKOTA HAWKS zone.
11:43 of 3rd period - Shot by Nick Schmaltz.
11:43 of 3rd period - Stopped by Carter Hart with a rebound.
12:00 of 3rd period - Nick Suzuki is hit by Rasmus Dahlin and loses puck.
12:15 of 3rd period - Shot by Artturi Lehkonen.
12:15 of 3rd period - Shot Misses the Net.
13:00 of 3rd period - Shot by Dillon Dube.
13:00 of 3rd period - Stopped by Antti Raanta without a rebound.
13:01 of 3rd period - Jack Hughes wins face-off versus Jesperi Kotkaniemi in BOISE CARIBOUS zone.
13:41 of 3rd period - Nick Holden is hit by Stefan Noesen and loses puck.
14:08 of 3rd period - Tim Stutzle is hit by Erik Johnson and loses puck.
14:21 of 3rd period - Shot by Tim Stutzle.
14:21 of 3rd period - Stopped by Carter Hart without a rebound.
14:22 of 3rd period - Nic Dowd wins face-off versus Jean-Gabriel Pageau in NORTH DAKOTA HAWKS zone.
14:33 of 3rd period - Shot by Frank Vatrano.
14:33 of 3rd period - Stopped by Antti Raanta without a rebound.
14:34 of 3rd period - Charlie Coyle wins face-off versus Nazem Kadri in BOISE CARIBOUS zone.
14:40 of 3rd period - Icing by Rasmus Andersson.
14:41 of 3rd period - Nazem Kadri wins face-off versus Charlie Coyle in BOISE CARIBOUS zone.
14:48 of 3rd period - Shot by Patrick Kane.
14:48 of 3rd period - Shot Blocked by Charlie Coyle.
15:30 of 3rd period - Shot by Nazem Kadri.
15:30 of 3rd period - Stopped by Antti Raanta with a rebound.
15:54 of 3rd period - Shot by Jordan Kyrou.
15:54 of 3rd period - Stopped by Antti Raanta without a rebound.
15:55 of 3rd period - Nic Dowd wins face-off versus Tim Stutzle in BOISE CARIBOUS zone.
16:06 of 3rd period - Shot by Dillon Dube.
16:06 of 3rd period - Shot Blocked by Andre Burakovsky.
16:08 of 3rd period - Shot by Nick Holden.
16:08 of 3rd period - Stopped by Antti Raanta with a rebound.
16:40 of 3rd period - Zach Parise is hit by Nic Dowd and loses puck.
16:49 of 3rd period - Andre Burakovsky is hit by Nic Dowd and loses puck.
18:25 of 3rd period - Shot by Stefan Noesen.
18:25 of 3rd period - Stopped by Carter Hart with a rebound.
18:27 of 3rd period - Shot by Michael Raffl.
18:27 of 3rd period - Shot Misses the Net.
18:29 of 3rd period - Shot by Jesperi Kotkaniemi.
18:29 of 3rd period - Stopped by Carter Hart without a rebound.
18:30 of 3rd period - Nick Schmaltz wins face-off versus Nazem Kadri in NORTH DAKOTA HAWKS zone.
18:50 of 3rd period - Icing by Charlie Coyle.
18:51 of 3rd period - Charlie Coyle wins face-off versus Dillon Dube in BOISE CARIBOUS zone.
19:20 of 3rd period - Artturi Lehkonen is hit by Nic Dowd and loses puck.
Goals for this period are 0 for BOISE CARIBOUS vs 0 for NORTH DAKOTA HAWKS.
Shots for this period are 13 for BOISE CARIBOUS vs 9 for NORTH DAKOTA HAWKS.


SCOTT
LAUGHTON
IGOR
SHESTERKIN
ALEX
TUCH

EAST COAST

HOCKEY LEAGUE

  • 9.CHI2QUE6
  • 10.LIM2CHA3
  • 11.LON6TRV4
  • 12.BAL3CHW2
  • 13.MANPIT
  • 14.NHWATL
  • 15.PETWOR
  • 16.RHI